 Dungeon Crawl Stone Soup version 0.20-a0-526-g753eaab (webtiles) character file.

2678 kae the Martial Artist (level 9, -5/70 HPs)
             Began as a Yellow Draconian Transmuter on Jan 26, 2017.
             Was a Believer of Okawaru.
             Slain by a thrashing horror (15 damage)
             ... on level 1 of the Abyss.
             The game lasted 00:10:44 (8206 turns).

kae the Martial Artist (DrTm)                       Turns: 8206, Time: 00:10:45

Health: -5/70      AC: 10    Str: 13    XL:     9   Next: 37%
Magic:  12/12      EV: 18    Int: 15    God:    Okawaru [**....]
Gold:   459        SH:  0    Dex: 15    Spells: 3/12 levels left

rFire    . . .     SeeInvis .     - Unarmed
rCold    . . .     Gourm    .   (armour unavailable)
rNeg     . . .     Faith    +   (no shield)
rPois    .         Spirit   .   (helmet restricted)
rElec    .         Reflect  .   r - +0 cloak
rCorr    +         Harm     .   q - +0 pair of gloves
MR       .....                  y - +0 pair of boots
Stlth    +.........             v - amulet of faith
Regen    0.3/turn               g - +2 ring of intelligence (curse)
                                u - +6 ring of evasion

@: very slightly contaminated
A: spit acid, acid resistance, unfitting armour, blurry vision 1, frail 1,
cold-blooded, MP-powered wands, AC +7
a: Breathe Acid, Heroism, Renounce Religion


You were on level 1 of the Abyss.
You worshipped Okawaru.
Okawaru was pleased with you.
You were hungry.

You visited 2 branches of the dungeon, and saw 9 of its levels.
You visited the Abyss 1 time.

You collected 459 gold pieces.

Inventory:

Hand Weapons
 d - a -3 short sword
Missiles
 a - 98 arrows
Armour
 q - a +0 pair of gloves (worn)
 r - a +0 cloak (worn)
 y - a +0 pair of boots (worn)
Jewellery
 g - a cursed +2 ring of intelligence (right hand)
 p - an uncursed ring of protection from fire
 u - a +6 ring of evasion (left hand)
 v - an amulet of faith (around neck)
 A - the ring of the Five Suns {rElec Slay+5, unknown}
   (You found it on level 8 of the Dungeon)

   [ring of slaying]

   It affects your accuracy and damage with ranged weapons and melee attacks
   (+5).
   It insulates you from electricity.
Wands
 x - a wand of iceblast (9/15)
 z - a wand of acid (6/15)
Scrolls
 l - 2 scrolls of remove curse
 n - a scroll of acquirement {unknown}
 s - a scroll of recharging
 C - a scroll of magic mapping
Potions
 e - 2 potions of resistance
 f - a potion of ambrosia {unknown}
 h - a potion of invisibility {unknown}
 i - 4 potions of lignification
 k - 3 potions of curing
 m - 2 potions of haste
 o - 3 potions of mutation
 t - a potion of cancellation {unknown}
Books
 b - a book of Changes

   Spells                             Type                      Level
   a - Beastly Appendage              Transmutation                1
   b - Sticks to Snakes               Transmutation                2
   c - Spider Form                    Transmutation/Poison         3
   d - Ice Form                       Ice/Transmutation            4
   e - Blade Hands                    Transmutation                5
Comestibles
 c - 8 bread rations
 j - 5 meat rations
 w - a royal jelly


   Skills:
 + Level 6.5 Fighting
 - Level 1.7 Dodging
 * Level 9.2 Unarmed Combat
 - Level 2.0 Spellcasting
 + Level 6.5 Transmutations
 + Level 4.0 Invocations


You had 3 spell levels left.
You knew the following spells:

 Your Spells              Type           Power        Failure   Level  Hunger
a - Beastly Appendage     Tmut           ###...       1%          1    #......
b - Spider Form           Tmut/Pois      ##........   21%         3    ###....
c - Blade Hands           Tmut           ###.......   41%         5    ######.


Dungeon Overview and Level Annotations

Branches:
Dungeon (8/15)             Temple (1/1) D:5            Lair (0/6) D:8

Altars:
Ashenzari
Cheibriados
Dithmenos
Elyvilon
Fedhas
Gozag
Hepliaklqana
Kikubaaqudgha
Makhleb
Nemelex Xobeh
Okawaru
Qazlal
Ru
Sif Muna
Trog
Uskayaw
Vehumet
Xom
Yredelemnul
Zin
The Shining One

Shops:
D:6 (

Annotations:
D:8 Gastronok, Psyche


Innate Abilities, Weirdness & Mutations

You can spit globs of acid.
You are resistant to acid.
Your golden yellow scales are hard. (AC +7)
You cannot fit into any form of body armour.
You are cold-blooded and may be slowed by cold attacks.
Scrolls take you a little longer to read.
You are frail. (-10% HP)
You expend magic power (3 MP) to strengthen your wands.


Message History

The thrashing horror tramples you but does no damage.
The thrashing horror misses you.
Really read with blurry vision while enemies are nearby?
Okay, then.
Unknown command.
The thrashing horror roars!
The thrashing horror barely misses you.
The thrashing horror completely misses you.
The thrashing horror roars!
The thrashing horror closely misses you.
The thrashing horror tramples you but does no damage.
The thrashing horror tramples you.
* * * LOW HITPOINT WARNING * * *
You stumble backwards!
The thrashing horror roars!
The thrashing horror tramples you but does no damage.
The thrashing horror misses you.
The thrashing horror roars!
The thrashing horror tramples you!
You die...

###.. ## .#.#
.#.... .#... #
...# #.##..#
## #.....# .#
#.##@##.#
#..X..# # .
##..#.#.####
#.#.#L.......#
#.###..###..#
# #..###..#.
.. . # ...
..##x#...##..
#.# # ...
###.#.##.....
. # ..##....
#..# ...#.


You could see a lich, a thrashing horror and a small abomination.

Vanquished Creatures
  Pikel (D:4)
  Eustachio (D:6)
  A yak (D:6)
  2 slaves (D:4)
  An ice beast (D:7)
  2 sky beasts (D:7)
  A centaur (D:6)
  4 ogres
  A big kobold (D:7)
  A bullfrog (D:6)
  3 killer bees (D:7)
  2 crimson imps (D:7)
  A quasit (D:7)
  3 hounds
  2 jellies
  An orc priest (D:7)
  A bullfrog skeleton (D:4)
  Jessica (D:2)
  2 iguanas
  3 orc wizards
  5 worker ants
  A hound zombie (D:7)
  A hound skeleton (D:6)
  A worker ant zombie (D:6)
  3 adders
  4 gnolls (D:4)
  4 shadow imps
  2 adder skeletons (D:6)
  3 worms
  5 dart slugs
  5 leopard geckos
  11 orcs
  2 ball pythons
  8 bats
  7 giant cockroaches
  6 hobgoblins
  11 jackals
  14 kobolds
  4 quokkas
  2 frilled lizards (D:1)
  6 goblins
  10 rats
149 creatures vanquished.

Vanquished Creatures (others)
  Grinder (D:4)
  A worker ant (D:4)
2 creatures vanquished.

Grand Total: 151 creatures vanquished

Notes
Turn   | Place    | Note
-------+----------+-------------------------------------------
     0 | D:1      | kae the Draconian Transmuter began the quest for the Orb.
     0 | D:1      | Reached XP level 1. HP: 16/16 MP: 3/3
   279 | D:1      | Reached XP level 2. HP: 21/23 MP: 5/5
   930 | D:1      | Reached XP level 3. HP: 26/29 MP: 4/6
  1242 | D:2      | Noticed Jessica
  1271 | D:2      | Killed Jessica
  1610 | D:2      | Reached XP level 4. HP: 35/36 MP: 5/7
  1699 | D:2      | Reached skill level 4 in Unarmed Combat
  2257 | D:2      | Found a faded altar of an unknown god.
  2623 | D:3      | You fall through a shaft!
  3167 | D:3      | Reached XP level 5. HP: 35/42 MP: 8/8
  3785 | D:4      | Noticed Grinder
  4167 | D:4      | Noticed a slave
  4167 | D:4      | Noticed a slave
  4167 | D:4      | Noticed a slave
  4168 | D:4      | Noticed Pikel
  4168 | D:4      | Noticed a slave
  4196 | D:4      | Killed a slave
  4202 | D:4      | Killed a slave
  4314 | D:4      | Killed Pikel
  4314 | D:4      | Reached skill level 6 in Unarmed Combat
  4314 | D:4      | Reached XP level 6. HP: 52/52 MP: 9/9
  4314 | D:4      | Your scales start taking on a golden yellow colour.
  4314 | D:4      | Reached XP level 7. HP: 59/59 MP: 10/10
  4325 | D:4      | Killed Grinder
  4325 | D:4      | Reached skill level 5 in Transmutations
  4692 | D:5      | Entered Level 5 of the Dungeon
  5193 | D:5      | Reached skill level 7 in Unarmed Combat
  5212 | D:5      | Reached skill level 5 in Fighting
  5212 | D:5      | Reached XP level 8. HP: 68/68 MP: 11/11
  5543 | D:5      | Found a staircase to the Ecumenical Temple.
  5563 | Temple   | Entered the Ecumenical Temple
  5654 | Temple   | Became a worshipper of Warmaster Okawaru
  5900 | D:6      | Found Awaceuwk's Antique Weapon Shop.
  6076 | D:6      | Reached skill level 1 in Invocations
  6280 | D:6      | Reached * piety under Okawaru
  6298 | D:6      | Noticed Eustachio
  6341 | D:6      | Killed Eustachio
  6341 | D:6      | Reached skill level 8 in Unarmed Combat
  6556 | D:7      | Reached XP level 9. HP: 59/75 MP: 10/12
  6651 | D:7      | Reached ** piety under Okawaru
  7002 | D:7      | Reached skill level 9 in Unarmed Combat
  7083 | D:7      | Learned a level 3 spell: Spider Form
  7089 | D:7      | Learned a level 5 spell: Blade Hands
  7971 | D:8      | Got a fine ivory ring
  8007 | D:8      | Noticed Gastronok
  8034 | D:8      | Found a staircase to the Lair.
  8068 | D:8      | Noticed Psyche
  8073 | D:8      | Cast into level 1 of the Abyss (Psyche)
  8132 | Abyss:1  | Gained mutation: Scrolls take you a little longer to read. [a neqoxec]
  8135 | Abyss:1  | Gained mutation: You expend magic power (3 MP) to strengthen your wands. [a neqoxec]
  8136 | Abyss:1  | Gained mutation: You are frail. (-10% HP) [a neqoxec]
  8143 | Abyss:1  | Noticed a thrashing horror
  8158 | Abyss:1  | Noticed a freezing wraith
  8163 | Abyss:1  | Noticed a tentacled starspawn
  8168 | Abyss:1  | Noticed a thrashing horror
  8171 | Abyss:1  | Noticed a lich
  8206 | Abyss:1  | Slain by a thrashing horror

Vault maps used:
D:1:      dpeg_arrival_rhombus
D:2:      chequers_ecumenical_altar_simple_redux, uniq_jessica
D:4:      serial_co_window_serial, co_window_paths_a, co_window_paths_a,
          co_window_paths_b, co_window_corner_a, co_window_paths_b,
          co_window_2corner, co_window_broadway_b, co_window_paths_c,
          co_window_corner_ca, glass_columns_a, glass_columns_c,
          glass_columns_b, glass_columns_b, glass_columns_a, uniq_pikel,
          uniq_grinder
D:5:      minmay_temple_entry_glass, first_bread, hangedman_decor_peaks_small
D:6:      serial_shops, shop, uniq_eustachio
D:7:      mumra_celtic_spiral_tile, grunt_ogre_cave
D:8:      minmay_klotski, uniq_psyche, uniq_gastronok
Temple:   grunt_wide_crystal_templ

Skill      XL: |  1  2  3  4  5  6  7  8  9 |
---------------+----------------------------+-----
Fighting       | 2 4 5 6 |  6.5
Transmutations | 3 4 5 6 |  6.5
Unarmed Combat | 4 6 7 8 9 |  9.2
Invocations    | 3 4 |  4.0
Dodging        | |  1.7
Spellcasting   | |  2.0

Action                   |  1- 3 |  4- 6 |  7- 9 || total
-------------------------+-------+-------+-------++-------
Melee: Unarmed           |    26 |    92 |   332 ||   450
       Short sword       |   131 |   137 |       ||   268
       Tailslap          |    18 |    17 |    44 ||    79
       Kick              |    11 |     6 |       ||    17
       Headbutt          |     6 |     8 |    13 ||    27
       Punch             |       |     3 |     6 ||     9
 Cast: Beastly Appendage |    16 |    12 |     8 ||    36
       Spider Form       |       |       |     2 ||     2
Invok: Heroism           |       |       |     4 ||     4
 Abil: Breathe Acid      |       |       |    10 ||    10
  Use: Scroll            |     3 |     5 |     7 ||    15
       Potion            |     1 |     5 |     1 ||     7
 Stab: Distracted        |       |     1 |       ||     1
       Sleeping          |       |       |     3 ||     3
  Eat: Chunk             |     2 |     8 |    12 ||    22
       Royal jelly       |       |     1 |     1 ||     2
Armor: Skin              |    46 |    86 |    95 ||   227
Dodge: Dodged            |   110 |   139 |   234 ||   483
